 Dungeon Crawl Stone Soup version 0.23.0 (webtiles) character file.

Game seed: 8112427737068321558

425 numlockpick the Covert (level 6, 0/42 HPs)
             Began as an Octopode Monk on Feb 12, 2019.
             Succumbed to an adder's poison
             ... on level 4 of the Dungeon.
             The game lasted 00:11:48 (3444 turns).

numlockpick the Covert (Octopode Monk)              Turns: 3444, Time: 00:11:49

Health: 0/42       AC:  1    Str:  8 (10) XL:     6   Next: 96%
Magic:  6/6        EV: 20    Int: 11 (12) God:
Gold:   170        SH:  0    Dex: 21 (22) Spells: 5/5 levels left

rFire    . . .     SeeInvis .     - Unarmed
rCold    . . .     Gourm    .   (no shield)
rNeg     . . .     Faith    .   (helmet restricted)
rPois    .         Spirit   .   (no amulet)
rElec    .         Reflect  .   (no ring)
rCorr    .         Harm     .   (no ring)
MR       .....                  (no ring)
Stlth    +++++++...             (no ring)
HPRegen  0.14/turn              (no ring)
MPRegen  0.10/turn              (no ring)
                                (no ring)
                                (no ring)

@: agile, lethally poisoned (0 -> -11), marked, hasted, very quick
A: almost no armour, stealthy swim, amphibious, 8 rings, constrict 8, camouflage
1, gelatinous body 1
a: no special abilities


You were on level 4 of the Dungeon.
You were not hungry.

You visited 1 branch of the dungeon, and saw 5 of its levels.

You collected 170 gold pieces.

Inventory:

Scrolls
 b - a scroll of blinking {unknown}
 c - 4 scrolls of identify {unknown}
 d - 2 scrolls of remove curse
 e - a scroll of random uselessness {unknown}
 h - 4 scrolls of magic mapping {unknown}
 i - a scroll of noise {unknown}
 k - 2 scrolls of teleportation {unknown}
Potions
 g - a potion of agility
Comestibles
 a - 6 rations


   Skills:
 - Level 3.0 Fighting
 + Level 3.5 Dodging
 - Level 9.4 Stealth
 + Level 3.5 Unarmed Combat


You had 5 spell levels left.
You didn't know any spells.
Your spell library was empty.

Dungeon Overview and Level Annotations

Branches:
Dungeon (5/15)
 Temple: D:4-7

Altars:
Qazlal

Annotations:
D:4 Blork the orc


Innate Abilities, Weirdness & Mutations

You cannot wear most types of armour.
You are very stealthy in the water. (Stealth+)
You are amphibious.
You can wear up to eight rings at the same time.
You can use your tentacles to constrict eight enemies at once.
Your skin changes colour to match your surroundings (Stealth+).
Your rubbery body absorbs attacks. (AC +1, EV +1)


Message History

You feel weakened.
You feel dopey.
You feel clumsy.
* * * LOW HITPOINT WARNING * * *
You feel sick. The jackal completely misses you.
The adder completely misses you. The jackal bites you.
* * * LOW HITPOINT WARNING * * *
It was a potion of haste.
You feel yourself speed up.
* * * LOW HITPOINT WARNING * * *
You feel sick. The adder misses you. The jackal closely misses you.
You barely miss the adder. You grab the adder.
The adder is severely wounded.
You constrict the adder, but do no damage.
The adder bites you.
* * * LOW HITPOINT WARNING * * *
You are more poisoned.
The adder poisons you! The jackal closely misses you.
You tentacle-slap the adder.
You kill the adder!
* * * LOW HITPOINT WARNING * * *
You feel sick. The jackal closely misses you.
You die...

.# #.....................#
#.....................###
..........................#
##.....O..............##..#
####.#...............# ..
?.##...)......###.##.
##..#....h......#.....
#.......>##.#.......#
....#..@#####.......#
#.####.#### #..####.. ..
#.##.###.### .(# . #.......
##..........#
.##......#####....###....#
..#.....#.#..#.....####......
#...............#..# #......
...............###.# ......
................##... ......


You could see an ogre and a jackal.

Vanquished Creatures
  Sigmund (D:3)
  A scorpion (D:4)
  An orc wizard (D:3)
  A worker ant (D:3)
  A gnoll (D:1)
  6 adders
  3 oozes (D:1)
  2 worms (D:2)
  A leopard gecko (D:3)
  7 orcs
  8 bats
  2 giant cockroaches
  11 goblins
  9 hobgoblins
  A quokka (D:3)
  A ball python (D:1)
  A ball python skeleton (D:4)
  4 frilled lizards
  9 kobolds
  7 rats
77 creatures vanquished.

Notes
Turn   | Place    | Note
-------+----------+-------------------------------------------
     0 | D:1      | numlockpick the Octopode Monk began the quest for the Orb.
     0 | D:1      | Reached XP level 1. HP: 16/16 MP: 1/1
    36 | D:1      | Reached skill level 3 in Stealth
    74 | D:1      | Reached XP level 2. HP: 16/21 MP: 2/2
    77 | D:1      | Reached skill level 4 in Stealth
   185 | D:1      | Reached XP level 3. HP: 14/26 MP: 3/3
   189 | D:1      | Reached skill level 5 in Stealth
   902 | D:1      | Reached skill level 6 in Stealth
   902 | D:1      | Reached XP level 4. HP: 31/31 MP: 4/4
  1387 | D:2      | Reached skill level 7 in Stealth
  1495 | D:2      | Reached XP level 5. HP: 19/36 MP: 5/5
  1975 | D:3      | Found a stormy altar of Qazlal.
  2410 | D:3      | Noticed Sigmund
  2490 | D:3      | Killed Sigmund
  2490 | D:3      | Reached skill level 9 in Stealth
  2490 | D:3      | Reached XP level 6. HP: 26/42 MP: 6/6
  3385 | D:4      | Noticed Blork the orc
  3425 | D:5      | Entered Level 5 of the Dungeon
  3442 | D:4      | HP: 2/42 [adder (1)]
  3444 | D:4      | Succumbed to an adder's poison

Skill      XL: |  1  2  3  4  5 |
---------------+----------------+-----
Stealth        | 3 4 6 7 9 |  9.4
Fighting       | |  3.0
Dodging        | |  3.5
Unarmed Combat | |  3.5

Action                   |  1- 3 |  4- 6 || total
-------------------------+-------+-------++-------
Melee: Unarmed           |    72 |   113 ||   185
       Constrict         |    15 |    27 ||    42
       Tentacles         |     8 |    29 ||    37
       Punch             |     1 |     3 ||     4
  Use: Potion            |       |     4 ||     4
       Scroll            |       |     1 ||     1
 Stab: Sleeping          |    10 |    19 ||    29
       Distracted        |     1 |       ||     1
  Eat: Chunk             |       |     5 ||     5
       Ration            |       |     1 ||     1
Armor: Skin              |     5 |     4 ||     9
Dodge: Dodged            |    31 |    65 ||    96
